 Dungeon Crawl Stone Soup version 0.23.2-30-g0e89c35649 (webtiles) character file.

Game seed: 15423475585802821520

61 Mrkan the Cudgeler (level 4, -9/29 HPs)
             Began as a Gargoyle Monk on June 24, 2019.
             Killed by divine providence
             ... invoked by an orc priest
              (12 damage)
             ... on level 1 of the Dungeon.
             The game lasted 00:02:17 (979 turns).

Mrkan the Cudgeler (Gargoyle Monk)                   Turns: 979, Time: 00:02:18

Health: -9/29      AC:  5    Str: 17    XL:     4   Next: 7%
Magic:  4/4        EV: 13    Int: 11    God:
Gold:   73         SH:  0    Dex: 14    Spells: 3/3 levels left

rFire    . . .     SeeInvis .   a - +0 mace
rCold    . . .     Gourm    .   (no shield)
rNeg     + . .     Faith    .   b - +0 robe
rPois    ∞         Spirit   .   (no helmet)
rElec    +         Reflect  .   (no cloak)
rCorr    .         Harm     .   (no gloves)
MR       .....                  (no boots)
Stlth    ++........             (no amulet)
HPRegen  0.09/turn              (no ring)
MPRegen  0.09/turn              (no ring)

@: no status effects
A: thin skeletal structure 1, negative energy resistance 1, electricity
resistance, strong 1, unbreathing, petrification resistance, rot immunity, AC +3
a: no special abilities


You were on level 1 of the Dungeon.
You were not hungry.

You visited 1 branch of the dungeon, and saw 2 of its levels.

You collected 73 gold pieces.

Inventory:

Hand Weapons
 a - a +0 mace (weapon)
Armour
 b - a +0 robe (worn)
 e - a +0 cloak
Scrolls
 d - a scroll of immolation {unknown}
 g - a scroll of identify {unknown}
 i - 2 scrolls of remove curse {unknown}
 j - a scroll of random uselessness {unknown}
Potions
 h - a potion of curing {unknown}
Comestibles
 c - 5 rations


   Skills:
 + Level 4.0 Fighting
 * Level 4.3 Maces & Flails
 - Level 2.4 Dodging
 - Level 2.1 Stealth


You had 3 spell levels left.
You didn't know any spells.
Your spell library was empty.

Dungeon Overview and Level Annotations

Branches:
Dungeon (2/15)

Altars:


Innate Abilities, Weirdness & Mutations

You are resistant to torment.
Your stone body is resilient. (AC +3)
You are immune to poison.
You resist negative energy. (rN+)
You are resistant to electric shocks. (rElec)
You can survive without breathing.
You are immune to petrification.
You are immune to rotting.
You have a somewhat thin skeletal structure. (Dex +2, Stealth)
Your muscles are strong. (Str +2)


Message History

You climb upwards.
There is a stone staircase leading down here.
Sorry, you're not good enough to have a special ability.
It was a potion of mutation.
You feel extremely strange.
Your bones become slightly less dense.
You feel stronger. The orc barely misses you.
The orc priest closely misses you. The orc barely misses you.
You hit the orc priest but do no damage.
The orc closely misses you. The orc priest closely misses you.
The orc hits you but does no damage.
You thump the orc priest!
The orc priest is heavily wounded.
The orc priest hits you.
* * * LOW HITPOINT WARNING * * *
The orc misses you. The orc closely misses you.
You closely miss the orc priest.
The orc priest is heavily wounded.
The orc priest calls down the wrath of Beogh upon you.
Beogh smites you!
You die...

#######################
#..)#.................#
#.#>#.#.............#.##
#.#.#.#o###########.#.)#
#.....#@o...............
###.#.#o########..#....#
#........#...#.....#.#
####..##.....#.......#
###+#...#...#.#.#.....#
#.......#.#####.#.##.##
#.......#.#.....#.##.#
#.........#.#####.##.#
#.......###..........##


You could see an orc priest and 2 orcs.

Vanquished Creatures
  A worker ant (D:2)
  A dart slug (D:1)
  2 leopard geckos (D:1)
  7 bats
  2 goblins
  6 hobgoblins (D:1)
  3 jackals (D:1)
  3 kobolds (D:1)
  A quokka (D:2)
  2 frilled lizards (D:1)
  3 rats (D:1)
31 creatures vanquished.

Notes
Turn   | Place    | Note
-------+----------+-------------------------------------------
     0 | D:1      | Mrkan the Gargoyle Monk began the quest for the Orb.
     0 | D:1      | Reached XP level 1. HP: 14/14 MP: 1/1
   190 | D:1      | Reached XP level 2. HP: 10/19 MP: 2/2
   553 | D:1      | Reached XP level 3. HP: 15/24 MP: 3/3
   941 | D:2      | Reached XP level 4. HP: 21/29 MP: 4/4
   976 | D:1      | Gained mutation: You have a somewhat thin skeletal
                  | structure. (Dex +2, Stealth) [potion of mutation]
   976 | D:1      | Gained mutation: Your muscles are strong. (Str +2) [potion
                  | of mutation]
   979 | D:1      | Killed from afar by an orc priest

Skill      XL: |  1  2  3 |
---------------+----------+-----
Maces & Flails | 4 |  4.3
Fighting       | 4 |  4.0
Dodging        | |  2.4
Stealth        | |  2.1

Action                   |  1- 3 |  4- 6 || total
-------------------------+-------+-------++-------
Melee: Mace              |    86 |     8 ||    94
  Use: Potion            |       |     1 ||     1
 Stab: Sleeping          |     2 |     1 ||     3
Armor: Robe              |    42 |     4 ||    46
Dodge: Dodged            |    72 |    14 ||    86
